Map: Ever Dream LE

Players

MacroMan

  • Race: Protoss Protoss
  • League: Diamond
  • Spawn Location: 1:00

NdnStyl - Winner!

  • Race: Zerg Zerg
  • League: Diamond
  • Spawn Location: 7:00

VOD

Have the link to the VOD?

Description

Time

  • Played on: April 21, 2020, 9:01 p.m.
  • Length: 3:00
Show
View Real Time Build Order
Export as new Build Order

MacroMan Protoss 

Build Orders: 1 Gate Expand 

Get SALT Encoding   

  12  0:02  Probe  
  14  0:14  Probe  
  14  0:19  Pylon  
  14  0:26  Probe  
  15  0:38  Probe (Chrono Boost)  
  15  0:41  Gateway  
  16  0:50  Probe (Chrono Boost)  
  16  0:53  Assimilator  
  17  0:59  Probe (Chrono Boost)  
  18  1:04  Probe  
  19  1:16  Probe  
  20  1:32  Nexus  
  20  1:43  Cybernetics Core  
  20  1:45  Probe  
  21  1:57  Probe  
  21  1:59  Assimilator  
  22  2:03  Pylon  
  22  2:11  Probe  
  23  2:19  Adept (Chrono Boost)  
  25  2:23  Probe  
  26  2:35  Probe  
  29  2:47  Probe  
Show
View Real Time Build Order
Export as new Build Order

NdnStyl Zerg - Winner!

Build Orders: Hatch First 

Get SALT Encoding   

  12  0:00  Drone  
  13  0:08  Drone  
  14  0:19  Extractor  
  14  0:20  Drone  
  15  0:38  Hatchery  
  15  0:42  Extractor  
  13  0:43  Drone  
  14  0:59  Spawning Pool  
  14  1:03  Drone  
  14  1:11  Overlord  
  14  1:19  Drone, Extractor  
  15  1:46  Zergling x6  
  18  1:53  Zergling x2  
  19  1:55  Queen  
  21  2:03  Zergling x2  
  21  2:04  Zergling x2  
  23  2:14  Zergling x4  
  25  2:19  Zergling x2  
  26  2:27  Zergling x2  
  26  2:29  Overlord  
Tags
 
Add a new tag
Caveats
  • Supply blocks, unpowered buildings, or Contaminate may cause inaccurate times.
  • Supply counts are checked every 10 seconds.